[ PARTIDA AOE2 · #459501322 ]
Team RMTurcos vs Portuguese
[ ANÁLISIS DE REPETICIÓN · EXTRAÍDO DE LA PARTIDA GRABADA ]
Feudal
13:38
Castillos
19:48
Imperial
35:44
| APM promedio | 32.8 |
| APM pico | 63 |
| eAPM promedio | 17.4 |
| Aldeanos / militares | 201 / 60 |
Foco
⚔️ 24.6% · 🌾 75.4%
Janissary ×43 · Bombard Cannon ×14 · Fishing Ship ×5 · Fire Galley ×3 · Unknown (2626) ×2
Feudal
13:41
Castillos
20:56
Imperial
43:58
| APM promedio | 22.0 |
| APM pico | 47 |
| eAPM promedio | 12.6 |
| Aldeanos / militares | 99 / 108 |
Foco
⚔️ 27.5% · 🌾 72.5%
Scout Cavalry ×50 · Mangudai ×39 · Fishing Ship ×26 · Trebuchet (Packed) ×10 · Mangonel ×4 · Demolition Raft ×2
Feudal
12:45
Castillos
29:17
Imperial
40:49
| APM promedio | 33.9 |
| APM pico | 96 |
| eAPM promedio | 16.6 |
| Aldeanos / militares | 106 / 137 |
Foco
⚔️ 34.4% · 🌾 65.6%
Skirmisher ×100 · Trebuchet (Packed) ×16 · Unknown (2550) ×14 · Spearman ×14 · Fishing Ship ×4 · Kona ×4
Feudal
13:56
Castillos
23:16
Imperial
41:07
| APM promedio | 35.2 |
| APM pico | 73 |
| eAPM promedio | 19.2 |
| Aldeanos / militares | 135 / 180 |
Foco
⚔️ 19.7% · 🌾 80.3%
Scout Cavalry ×180 · Fishing Ship ×46
Feudal
12:22
Castillos
21:36
Imperial
40:14
| APM promedio | 32.5 |
| APM pico | 60 |
| eAPM promedio | 17.2 |
| Aldeanos / militares | 103 / 58 |
Foco
⚔️ 35.4% · 🌾 64.6%
Unknown (882) ×70 · Genoese Crossbowman ×31 · Fishing Ship ×27 · Galley ×8 · Spearman ×7 · Bombard Cannon ×6
Feudal
14:57
Castillos
30:43
Imperial
41:28
| APM promedio | 22.1 |
| APM pico | 57 |
| eAPM promedio | 11.4 |
| Aldeanos / militares | 129 / 131 |
Foco
⚔️ 29.9% · 🌾 70.1%
Knight ×117 · Fishing Ship ×17 · Scout Cavalry ×7 · Trebuchet (Packed) ×6 · Monk ×1
Feudal
12:48
Castillos
19:45
Imperial
30:57
| APM promedio | 27.0 |
| APM pico | 51 |
| eAPM promedio | 13.5 |
| Aldeanos / militares | 85 / 163 |
Foco
⚔️ 47.5% · 🌾 52.5%
Knight ×55 · Organ Gun ×44 · Spearman ×38 · Bombard Cannon ×11 · Fishing Ship ×8 · Galley ×7
Feudal
14:06
Castillos
21:02
Imperial
40:33
| APM promedio | 42.2 |
| APM pico | 99 |
| eAPM promedio | 22.2 |
| Aldeanos / militares | 95 / 185 |
Foco
⚔️ 37.8% · 🌾 62.2%
Archer ×83 · Skirmisher ×44 · Spearman ×34 · Trebuchet (Packed) ×9 · Fishing Ship ×4 · Eagle Scout ×3
Mapa de la partida
Recursos al inicio + cada clic de construcción. Línea gruesa = muro · recuadro discontinuo = muro de casas detectado. 🟡 oro · ⚪ piedra · 🟢 bayas · 🔶 jabalí · ⭕ reliquia
Inputs por minuto
— Confiturier - - YOU XXX
Build order — Confiturier
Primeras 150 de 402 acciones detectadas
| 0:04 | Construir | Town Center |
| 0:15 | Construir | House |
| 2:23 | Construir | Dock |
| 2:26 | Crear | Villager (Male) |
| 2:26 | Crear | Villager (Male) |
| 2:52 | Crear | Villager (Male) |
| 2:52 | Crear | Villager (Male) |
| 3:40 | Crear | Fishing Ship |
| 3:51 | Investigar | Loom |
| 4:27 | Crear | Fishing Ship |
| 4:33 | Construir | House |
| 4:36 | Crear | Villager (Male) |
| 5:01 | Crear | Fishing Ship |
| 5:15 | Crear | Villager (Male) |
| 5:29 | Crear | Villager (Male) |
| 5:53 | Crear | Villager (Male) |
| 6:00 | Construir | House |
| 6:30 | Crear | Villager (Male) |
| 6:50 | Crear | Fishing Ship |
| 6:51 | Crear | Villager (Male) |
| 7:22 | Crear | Villager (Male) |
| 7:27 | Construir | Mill |
| 7:46 | Construir | House |
| 7:54 | Crear | Villager (Male) |
| 7:55 | Crear | Villager (Male) |
| 8:36 | Crear | Fishing Ship |
| 8:39 | Crear | Villager (Male) |
| 8:52 | Construir | Mill |
| 9:13 | Crear | Villager (Male) |
| 9:38 | Crear | Villager (Male) |
| 10:11 | Construir | Dock |
| 10:12 | Crear | Villager (Male) |
| 10:39 | Crear | Villager (Male) |
| 11:28 | Investigar | Feudal Age |
| 11:36 | Construir | Mining Camp |
| 12:08 | Construir | Lumber Camp |
| 13:16 | Crear | Villager (Male) |
| 13:21 | Construir | House |
| 13:37 | Construir | House |
| 13:38 | Edad | Edad Feudal |
| 13:44 | Crear | Unit 2626 |
| 13:45 | Crear | Fire Galley |
| 14:01 | Construir | Blacksmith |
| 14:04 | Crear | Villager (Male) |
| 14:09 | Investigar | Double-Bit Axe |
| 14:10 | Crear | Villager (Male) |
| 15:00 | Crear | Villager (Male) |
| 15:05 | Construir | Market |
| 15:12 | Construir | House |
| 15:13 | Crear | Villager (Male) |
| 15:24 | Crear | Unit 2626 |
| 15:49 | Crear | Villager (Male) |
| 16:05 | Crear | Fire Galley |
| 16:14 | Crear | Villager (Male) |
| 16:43 | Crear | Villager (Male) |
| 16:54 | Investigar | Castle Age |
| 17:01 | Construir | Mining Camp |
| 17:14 | Investigar | Gold Mining |
| 17:15 | Crear | Villager (Male) |
| 17:41 | Crear | Fire Galley |
| 17:44 | Construir | Farm |
| 17:45 | Construir | Farm |
| 17:45 | Crear | Villager (Male) |
| 18:00 | Construir | House |
| 18:36 | Construir | Farm |
| 18:40 | Construir | Farm |
| 18:41 | Investigar | Horse Collar |
| 18:46 | Construir | Farm |
| 18:54 | Construir | Farm |
| 19:28 | Investigar | Stone Mining |
| 19:42 | Crear | Villager (Male) |
| 19:48 | Edad | Edad de los Castillos |
| 20:04 | Investigar | Bow Saw |
| 20:50 | Construir | Castle |
| 20:57 | Crear | Villager (Male) |
| 21:17 | Construir | Castle |
| 21:34 | Construir | Castle |
| 21:53 | Crear | Villager (Male) |
| 21:53 | Crear | Villager (Male) |
| 22:13 | Construir | Town Center |
| 22:14 | Crear | Villager (Male) |
| 22:47 | Construir | Castle |
| 22:53 | Investigar | Fletching |
| 22:55 | Construir | House |
| 22:56 | Crear | Villager (Male) |
| 23:45 | Construir | Castle |
| 24:04 | Construir | Castle |
| 24:05 | Crear | Villager (Male) |
| 24:06 | Crear | Villager (Male) |
| 24:07 | Crear | Villager (Male) |
| 24:08 | Construir | Farm |
| 24:08 | Construir | Farm |
| 24:09 | Construir | Farm |
| 24:10 | Construir | Farm |
| 24:20 | Construir | Town Center |
| 24:20 | Crear | Villager (Male) |
| 24:24 | Crear | Villager (Male) |
| 24:28 | Construir | House |
| 24:28 | Crear | Villager (Male) |
| 24:33 | Construir | Farm |
| 24:34 | Construir | Farm |
| 24:36 | Construir | Farm |
| 24:36 | Crear | Villager (Male) |
| 24:57 | Construir | Mining Camp |
| 25:01 | Construir | Farm |
| 25:03 | Crear | Villager (Male) |
| 25:08 | Investigar | Wheelbarrow |
| 25:11 | Construir | Farm |
| 25:11 | Crear | Villager (Male) |
| 25:15 | Construir | House |
| 25:15 | Crear | Villager (Male) |
| 25:32 | Construir | Farm |
| 25:33 | Construir | Farm |
| 25:34 | Crear | Villager (Male) |
| 25:45 | Crear | Villager (Male) |
| 25:49 | Crear | Janissary |
| 25:49 | Crear | Janissary |
| 26:01 | Crear | Villager (Male) |
| 26:09 | Crear | Villager (Male) |
| 26:12 | Crear | Villager (Male) |
| 26:15 | Construir | House |
| 26:16 | Crear | Villager (Male) |
| 26:23 | Crear | Villager (Male) |
| 26:26 | Construir | Farm |
| 26:28 | Construir | Farm |
| 26:38 | Crear | Villager (Male) |
| 26:40 | Construir | Farm |
| 26:42 | Construir | Farm |
| 26:42 | Crear | Villager (Male) |
| 26:43 | Crear | Villager (Male) |
| 26:52 | Crear | Janissary ×2 |
| 26:59 | Construir | Farm |
| 27:00 | Crear | Villager (Male) |
| 27:30 | Crear | Villager (Male) |
| 27:30 | Crear | Villager (Male) |
| 27:49 | Crear | Villager (Male) |
| 27:49 | Crear | Villager (Male) |
| 27:51 | Crear | Janissary |
| 27:52 | Crear | Janissary |
| 27:52 | Crear | Villager (Male) |
| 27:54 | Construir | Farm |
| 27:55 | Construir | Farm |
| 27:56 | Crear | Villager (Male) |
| 28:32 | Crear | Villager (Male) |
| 28:33 | Crear | Villager (Male) |
| 28:37 | Crear | Janissary |
| 28:39 | Investigar | Padded Archer Armor |
| 28:45 | Crear | Villager (Male) |
| 28:58 | Construir | Castle |
| 28:59 | Crear | Villager (Male) |
Build order — YOU XXX
Primeras 150 de 332 acciones detectadas
| 0:19 | Construir | Town Center |
| 0:43 | Construir | Dock |
| 0:45 | Construir | House |
| 2:40 | Crear | Villager (Male) |
| 2:40 | Crear | Villager (Male) |
| 2:40 | Crear | Villager (Male) |
| 2:41 | Crear | Villager (Male) |
| 3:35 | Crear | Villager (Male) |
| 3:54 | Crear | Fishing Ship |
| 4:49 | Crear | Fishing Ship |
| 5:00 | Construir | House |
| 5:03 | Crear | Fishing Ship |
| 5:12 | Crear | Villager (Male) |
| 5:39 | Crear | Villager (Male) |
| 5:39 | Crear | Villager (Male) |
| 6:10 | Crear | Villager (Male) |
| 6:17 | Construir | House |
| 6:36 | Crear | Villager (Male) |
| 6:37 | Crear | Villager (Male) |
| 6:51 | Crear | Villager (Male) |
| 7:06 | Crear | Fishing Ship |
| 7:23 | Construir | House |
| 7:35 | Crear | Villager (Male) |
| 7:46 | Crear | Fishing Ship |
| 7:56 | Construir | House |
| 8:25 | Crear | Fishing Ship |
| 8:29 | Crear | Villager (Male) |
| 8:50 | Crear | Villager (Male) |
| 9:02 | Construir | Mill |
| 9:12 | Crear | Villager (Male) |
| 9:38 | Crear | Villager (Male) |
| 9:40 | Construir | Mining Camp |
| 9:46 | Construir | House |
| 9:53 | Construir | Outpost |
| 10:05 | Crear | Villager (Male) |
| 10:18 | Crear | Villager (Male) |
| 10:24 | Construir | Mining Camp |
| 10:29 | Crear | Villager (Male) |
| 11:09 | Investigar | Feudal Age |
| 11:13 | Crear | Fishing Ship |
| 11:17 | Crear | Fishing Ship |
| 11:23 | Construir | House |
| 11:33 | Investigar | Loom |
| 11:40 | Construir | Palisade Wall |
| 12:01 | Crear | Villager (Male) |
| 12:06 | Construir | Lumber Camp |
| 12:38 | Construir | Palisade Wall |
| 12:46 | Construir | Palisade Wall |
| 13:12 | Construir | Dock |
| 13:24 | Construir | House |
| 13:41 | Edad | Edad Feudal |
| 14:15 | Construir | Blacksmith |
| 14:33 | Crear | Villager (Male) |
| 14:58 | Construir | Lumber Camp |
| 15:14 | Crear | Villager (Male) |
| 15:15 | Crear | Villager (Male) |
| 16:24 | Construir | Market |
| 16:37 | Construir | House |
| 16:49 | Construir | Market |
| 17:00 | Crear | Villager (Male) |
| 17:05 | Construir | House |
| 17:07 | Construir | House |
| 17:09 | Construir | House |
| 17:14 | Construir | House |
| 17:17 | Construir | House |
| 17:21 | Construir | Palisade Wall |
| 18:02 | Construir | House |
| 18:05 | Construir | House |
| 18:09 | Construir | House |
| 18:16 | Investigar | Castle Age |
| 19:37 | Investigar | Fletching |
| 20:40 | Investigar | Double-Bit Axe |
| 20:56 | Edad | Edad de los Castillos |
| 21:06 | Construir | Castle |
| 21:11 | Investigar | Bodkin Arrow |
| 21:20 | Crear | Demolition Raft |
| 21:23 | Crear | Demolition Raft |
| 21:32 | Crear | Fishing Ship |
| 21:32 | Crear | Fishing Ship |
| 23:37 | Crear | Mangudai |
| 23:38 | Crear | Mangudai |
| 23:46 | Crear | Villager (Male) |
| 23:47 | Crear | Villager (Male) |
| 23:47 | Crear | Villager (Male) |
| 23:51 | Crear | Villager (Male) |
| 24:14 | Crear | Mangudai |
| 24:15 | Crear | Villager (Male) |
| 24:21 | Construir | Lumber Camp |
| 24:52 | Construir | Dock |
| 25:06 | Crear | Fishing Ship |
| 25:09 | Crear | Villager (Male) |
| 25:09 | Crear | Villager (Male) |
| 25:09 | Crear | Villager (Male) |
| 25:36 | Crear | Villager (Male) |
| 25:37 | Crear | Villager (Male) |
| 26:10 | Crear | Fishing Ship |
| 26:10 | Crear | Fishing Ship |
| 26:11 | Crear | Fishing Ship |
| 26:11 | Crear | Fishing Ship |
| 26:11 | Crear | Fishing Ship |
| 26:13 | Crear | Villager (Male) |
| 26:52 | Construir | Siege Workshop |
| 27:04 | Investigar | Town Watch |
| 27:09 | Construir | Monastery |
| 27:11 | Crear | Villager (Male) |
| 27:40 | Crear | Battering Ram |
| 27:51 | Crear | Villager (Male) |
| 28:04 | Construir | Dock |
| 28:21 | Crear | Mangudai |
| 28:24 | Crear | Mangudai |
| 28:28 | Construir | Mill |
| 28:32 | Crear | Villager (Male) |
| 28:40 | Crear | Villager (Male) |
| 29:50 | Crear | Villager (Male) |
| 29:51 | Crear | Villager (Male) |
| 29:52 | Crear | Villager (Male) |
| 30:15 | Crear | Villager (Male) |
| 30:15 | Crear | Villager (Male) |
| 30:15 | Crear | Villager (Male) |
| 30:15 | Crear | Villager (Male) |
| 30:25 | Crear | Monk |
| 30:33 | Investigar | Tech 906 |
| 30:34 | Crear | Fishing Ship |
| 30:34 | Crear | Fishing Ship |
| 30:34 | Crear | Fishing Ship |
| 30:35 | Crear | Fishing Ship |
| 30:35 | Crear | Fishing Ship |
| 30:35 | Crear | Fishing Ship |
| 30:35 | Crear | Fishing Ship |
| 30:36 | Crear | Fishing Ship |
| 30:36 | Crear | Fishing Ship |
| 30:36 | Crear | Fishing Ship |
| 30:40 | Crear | Villager (Male) |
| 30:41 | Crear | Villager (Male) |
| 30:51 | Investigar | Padded Archer Armor |
| 31:06 | Construir | Lumber Camp |
| 31:06 | Investigar | Bow Saw |
| 31:59 | Construir | Town Center |
| 32:07 | Crear | Mangudai |
| 32:20 | Crear | Mangonel |
| 32:42 | Construir | Lumber Camp |
| 32:44 | Crear | Villager (Male) |
| 32:44 | Crear | Villager (Male) |
| 32:45 | Crear | Villager (Male) |
| 32:52 | Investigar | Wheelbarrow |
| 33:11 | Investigar | Horse Collar |
| 33:31 | Crear | Mangonel |
| 33:41 | Crear | Mangudai |
| 33:43 | Crear | Villager (Male) |
| 34:24 | Crear | Mangudai |
Build order — TartineMiamMiam
Primeras 150 de 324 acciones detectadas
| 0:23 | Construir | Town Center |
| 0:40 | Construir | Dock |
| 0:43 | Construir | House |
| 2:43 | Crear | Villager (Male) ×4 |
| 3:50 | Crear | Villager (Male) |
| 4:39 | Investigar | Loom |
| 4:43 | Crear | Fishing Ship |
| 4:46 | Crear | Villager (Male) |
| 5:10 | Construir | House |
| 5:27 | Crear | Villager (Male) |
| 6:06 | Crear | Villager (Male) |
| 6:08 | Crear | Villager (Male) |
| 6:11 | Crear | Villager (Male) |
| 6:36 | Crear | Fishing Ship |
| 6:52 | Crear | Villager (Male) |
| 7:11 | Construir | House |
| 8:04 | Crear | Villager (Male) |
| 8:05 | Crear | Villager (Male) |
| 8:11 | Construir | Settlement |
| 8:22 | Crear | Villager (Male) |
| 8:39 | Crear | Villager (Male) |
| 8:46 | Construir | House |
| 8:50 | Crear | Villager (Male) |
| 9:09 | Crear | Fishing Ship |
| 9:09 | Crear | Fishing Ship |
| 9:41 | Crear | Villager (Male) |
| 10:07 | Construir | House |
| 10:11 | Construir | Palisade Wall |
| 10:35 | Investigar | Feudal Age |
| 11:31 | Construir | Settlement |
| 11:34 | Crear | Villager (Male) |
| 11:43 | Construir | House |
| 11:46 | Construir | Palisade Wall |
| 12:06 | Construir | Outpost |
| 12:08 | Construir | Outpost |
| 12:23 | Crear | Villager (Male) |
| 12:45 | Edad | Edad Feudal |
| 12:49 | Investigar | Double-Bit Axe |
| 13:23 | Construir | Barracks |
| 13:27 | Crear | Villager (Male) |
| 13:39 | Construir | Watch Tower |
| 13:47 | Crear | Villager (Male) |
| 13:47 | Crear | Villager (Male) |
| 13:54 | Crear | Villager (Male) |
| 14:04 | Construir | Outpost |
| 14:07 | Crear | Villager (Male) |
| 14:21 | Construir | House |
| 14:33 | Investigar | Tech 1402 |
| 14:46 | Construir | Blacksmith |
| 15:10 | Construir | Settlement |
| 15:16 | Crear | Unit 2550 |
| 15:16 | Crear | Unit 2550 |
| 15:18 | Crear | Villager (Male) |
| 15:21 | Crear | Villager (Male) |
| 15:30 | Investigar | Forging |
| 15:34 | Crear | Unit 2550 |
| 15:39 | Investigar | Arson |
| 15:54 | Crear | Villager (Male) |
| 16:08 | Crear | Villager (Male) |
| 16:08 | Crear | Villager (Male) |
| 16:35 | Construir | Watch Tower |
| 16:54 | Crear | Unit 2550 |
| 16:55 | Crear | Villager (Male) |
| 17:10 | Construir | Farm |
| 17:10 | Construir | Farm |
| 17:11 | Construir | Farm |
| 17:11 | Construir | Farm |
| 17:11 | Construir | Farm |
| 17:11 | Construir | Farm |
| 17:35 | Crear | Villager (Male) |
| 18:05 | Construir | Watch Tower |
| 18:11 | Crear | Unit 2550 |
| 18:20 | Construir | House |
| 18:29 | Investigar | Scale Mail Armor |
| 18:35 | Crear | Unit 2550 |
| 18:46 | Crear | Villager (Male) |
| 18:47 | Crear | Villager (Male) |
| 18:51 | Construir | Market |
| 18:54 | Crear | Villager (Male) |
| 19:57 | Crear | Villager (Male) |
| 20:14 | Construir | Watch Tower |
| 20:20 | Crear | Villager (Male) |
| 20:21 | Crear | Villager (Male) |
| 20:23 | Construir | Farm |
| 20:23 | Construir | Farm |
| 20:24 | Construir | Farm |
| 20:50 | Crear | Unit 2550 |
| 21:02 | Investigar | Fletching |
| 21:07 | Crear | Unit 2550 |
| 21:13 | Construir | Outpost |
| 21:46 | Construir | Palisade Wall |
| 21:53 | Crear | Villager (Male) |
| 21:53 | Crear | Villager (Male) |
| 22:07 | Construir | Archery Range |
| 22:08 | Construir | Archery Range |
| 22:42 | Investigar | Padded Archer Armor |
| 23:00 | Crear | Villager (Male) |
| 23:03 | Crear | Skirmisher |
| 23:32 | Construir | Watch Tower |
| 23:41 | Crear | Villager (Male) |
| 23:42 | Crear | Villager (Male) |
| 23:45 | Construir | Farm |
| 23:55 | Crear | Skirmisher |
| 23:55 | Crear | Skirmisher |
| 23:59 | Construir | Archery Range |
| 24:01 | Construir | Palisade Wall |
| 24:22 | Construir | Watch Tower |
| 24:25 | Crear | Villager (Male) |
| 24:25 | Crear | Villager (Male) |
| 24:43 | Construir | House |
| 25:03 | Crear | Skirmisher |
| 25:04 | Crear | Skirmisher |
| 25:10 | Construir | House |
| 25:10 | Construir | House |
| 25:11 | Construir | House |
| 25:30 | Crear | Villager (Male) |
| 25:35 | Crear | Skirmisher |
| 25:39 | Construir | House |
| 25:39 | Construir | House |
| 25:40 | Construir | House |
| 25:44 | Crear | Villager (Male) |
| 26:19 | Crear | Skirmisher |
| 26:19 | Crear | Skirmisher |
| 26:27 | Construir | Settlement |
| 26:37 | Investigar | Castle Age |
| 27:08 | Crear | Villager (Male) |
| 27:09 | Crear | Villager (Male) |
| 27:17 | Construir | House |
| 27:17 | Construir | House |
| 27:46 | Construir | Outpost |
| 27:50 | Crear | Villager (Male) |
| 28:02 | Crear | Skirmisher |
| 28:02 | Crear | Skirmisher |
| 28:15 | Construir | Stone Wall |
| 28:36 | Construir | House |
| 28:40 | Crear | Villager (Male) |
| 28:43 | Construir | Farm |
| 28:57 | Crear | Villager (Male) |
| 29:11 | Crear | Skirmisher ×5 |
| 29:17 | Edad | Edad de los Castillos |
| 29:28 | Investigar | Elite Skirmisher (upgrade) |
| 29:38 | Construir | Town Center |
| 29:41 | Crear | Villager (Male) |
| 29:51 | Crear | Unit 2550 |
| 30:11 | Investigar | Bodkin Arrow |
| 30:16 | Construir | University |
| 30:38 | Crear | Villager (Male) |
| 30:46 | Construir | Town Center |
| 30:52 | Crear | Villager (Male) |
| 30:52 | Crear | Villager (Male) |
Build order — Aze
Primeras 150 de 536 acciones detectadas
| 0:54 | Construir | Town Center |
| 1:02 | Construir | House |
| 3:35 | Crear | Villager (Male) |
| 3:35 | Crear | Villager (Male) |
| 3:35 | Crear | Villager (Male) |
| 3:35 | Crear | Villager (Male) |
| 3:36 | Crear | Villager (Male) |
| 5:16 | Crear | Villager (Male) |
| 5:16 | Crear | Villager (Male) |
| 5:17 | Crear | Villager (Male) |
| 5:19 | Crear | Villager (Male) |
| 5:29 | Construir | House |
| 5:58 | Crear | Villager (Male) |
| 5:59 | Crear | Villager (Male) |
| 5:59 | Crear | Villager (Male) |
| 6:57 | Crear | Villager (Male) |
| 7:07 | Construir | Mill |
| 7:42 | Crear | Villager (Male) |
| 7:42 | Crear | Villager (Male) |
| 7:43 | Crear | Villager (Male) |
| 7:43 | Crear | Villager (Male) |
| 7:43 | Crear | Villager (Male) |
| 8:08 | Construir | House |
| 8:58 | Crear | Villager (Male) |
| 8:58 | Crear | Villager (Male) |
| 9:14 | Crear | Villager (Male) |
| 9:28 | Crear | Villager (Male) |
| 9:33 | Construir | House |
| 10:01 | Construir | Farm |
| 10:16 | Crear | Villager (Male) |
| 10:31 | Crear | Villager (Male) |
| 10:39 | Construir | Farm |
| 10:48 | Crear | Villager (Male) |
| 11:07 | Crear | Villager (Male) |
| 11:11 | Construir | Lumber Camp |
| 11:20 | Construir | Mining Camp |
| 11:46 | Investigar | Feudal Age |
| 12:23 | Construir | Mining Camp |
| 13:06 | Crear | Villager (Male) |
| 13:06 | Crear | Villager (Male) |
| 13:56 | Edad | Edad Feudal |
| 14:02 | Construir | Watch Tower |
| 14:06 | Construir | Blacksmith |
| 14:10 | Crear | Villager (Male) |
| 14:37 | Crear | Villager (Male) |
| 14:50 | Construir | House |
| 14:54 | Crear | Villager (Male) |
| 15:34 | Crear | Villager (Male) |
| 15:46 | Construir | Farm |
| 15:50 | Construir | Farm |
| 15:59 | Construir | House |
| 16:10 | Investigar | Loom |
| 16:59 | Crear | Villager (Male) |
| 16:59 | Crear | Villager (Male) |
| 17:02 | Construir | Market |
| 17:16 | Construir | Outpost |
| 17:30 | Crear | Villager (Male) |
| 17:37 | Construir | Farm |
| 17:43 | Investigar | Town Watch |
| 17:44 | Crear | Villager (Male) |
| 17:57 | Crear | Villager (Male) |
| 18:03 | Construir | Farm |
| 18:06 | Construir | Farm |
| 18:28 | Crear | Villager (Male) |
| 19:43 | Construir | Watch Tower |
| 20:09 | Crear | Villager (Male) |
| 20:12 | Construir | Farm |
| 20:14 | Construir | Farm |
| 20:36 | Investigar | Castle Age |
| 20:36 | Investigar | Castle Age |
| 20:48 | Construir | Watch Tower |
| 20:56 | Construir | Farm |
| 20:58 | Construir | Farm |
| 21:06 | Construir | Farm |
| 21:15 | Crear | Villager (Male) |
| 21:24 | Construir | Stone Wall |
| 21:27 | Construir | Stone Wall |
| 21:30 | Construir | Stone Wall |
| 21:34 | Construir | Stone Wall |
| 21:40 | Construir | Watch Tower |
| 21:50 | Construir | Watch Tower |
| 22:02 | Crear | Villager (Male) |
| 22:02 | Crear | Villager (Male) |
| 22:09 | Construir | Stone Wall |
| 22:14 | Construir | Building 487 |
| 22:17 | Construir | Stone Wall |
| 22:25 | Construir | Building 490 |
| 22:32 | Construir | Building 490 |
| 22:36 | Construir | Building 490 |
| 22:42 | Construir | Building 673 |
| 22:45 | Crear | Villager (Male) |
| 22:49 | Construir | Building 490 |
| 22:51 | Construir | Watch Tower |
| 23:00 | Construir | Stone Wall |
| 23:01 | Crear | Villager (Male) |
| 23:01 | Crear | Villager (Male) |
| 23:16 | Edad | Edad de los Castillos |
| 23:42 | Crear | Villager (Male) |
| 23:47 | Construir | Stone Wall |
| 24:19 | Crear | Villager (Male) |
| 24:51 | Construir | Town Center |
| 24:57 | Crear | Villager (Male) |
| 25:15 | Construir | House |
| 25:16 | Construir | House |
| 25:16 | Construir | House |
| 25:17 | Construir | House |
| 25:36 | Crear | Villager (Male) |
| 25:48 | Crear | Villager (Male) |
| 25:59 | Crear | Villager (Male) |
| 25:59 | Crear | Villager (Male) |
| 26:18 | Crear | Villager (Male) |
| 26:21 | Construir | Lumber Camp |
| 26:36 | Construir | Stone Wall |
| 26:41 | Crear | Villager (Male) |
| 26:44 | Crear | Villager (Male) |
| 26:45 | Crear | Villager (Male) |
| 26:55 | Construir | Building 490 |
| 27:35 | Crear | Villager (Male) |
| 27:37 | Crear | Villager (Male) |
| 27:37 | Crear | Villager (Male) |
| 27:40 | Crear | Villager (Male) |
| 27:40 | Crear | Villager (Male) |
| 27:53 | Construir | Watch Tower |
| 28:02 | Investigar | Fletching |
| 28:37 | Crear | Villager (Male) |
| 28:41 | Investigar | Stone Mining |
| 28:48 | Construir | Stone Wall |
| 28:52 | Construir | Stone Wall |
| 28:55 | Construir | Stone Wall |
| 28:56 | Crear | Villager (Male) |
| 29:01 | Construir | Farm |
| 29:08 | Construir | Farm |
| 29:08 | Construir | Farm |
| 29:09 | Construir | Farm |
| 29:09 | Construir | Farm |
| 29:09 | Construir | Farm |
| 29:09 | Construir | Farm |
| 29:09 | Construir | Farm |
| 29:10 | Construir | Farm |
| 29:16 | Crear | Villager (Male) |
| 29:37 | Crear | Villager (Male) |
| 29:49 | Crear | Villager (Male) |
| 29:54 | Construir | Mill |
| 29:54 | Construir | Farm |
| 29:54 | Construir | Farm |
| 29:55 | Construir | Farm |
| 29:55 | Construir | Farm |
| 29:55 | Construir | Farm |
| 29:55 | Construir | Farm |
| 29:56 | Construir | Farm |
Build order — 超级小豪
Primeras 150 de 406 acciones detectadas
| 0:08 | Construir | Town Center |
| 1:27 | Construir | Dock |
| 2:29 | Construir | House |
| 2:31 | Crear | Villager (Male) |
| 2:31 | Crear | Villager (Male) |
| 2:31 | Crear | Villager (Male) |
| 2:32 | Crear | Villager (Male) |
| 3:52 | Crear | Fishing Ship |
| 3:52 | Crear | Fishing Ship |
| 4:02 | Crear | Villager (Male) |
| 4:02 | Crear | Villager (Male) |
| 4:23 | Construir | House |
| 4:48 | Investigar | Loom |
| 4:48 | Investigar | Loom |
| 5:01 | Crear | Fishing Ship |
| 5:01 | Crear | Fishing Ship |
| 5:08 | Crear | Villager (Male) |
| 5:08 | Crear | Villager (Male) |
| 5:28 | Crear | Villager (Male) |
| 5:29 | Crear | Villager (Male) |
| 5:45 | Construir | House |
| 5:53 | Crear | Villager (Male) |
| 5:53 | Crear | Villager (Male) |
| 6:09 | Crear | Fishing Ship |
| 6:09 | Crear | Fishing Ship |
| 6:27 | Crear | Villager (Male) |
| 6:27 | Crear | Villager (Male) |
| 6:38 | Crear | Fishing Ship |
| 6:39 | Crear | Fishing Ship |
| 6:53 | Crear | Villager (Male) |
| 7:02 | Construir | House |
| 7:25 | Crear | Villager (Male) |
| 7:25 | Crear | Villager (Male) |
| 7:27 | Crear | Fishing Ship |
| 7:27 | Crear | Fishing Ship |
| 7:52 | Crear | Villager (Male) |
| 7:56 | Crear | Fishing Ship |
| 8:29 | Crear | Villager (Male) |
| 8:41 | Crear | Fishing Ship |
| 8:44 | Construir | House |
| 9:11 | Crear | Villager (Male) |
| 9:23 | Construir | Mining Camp |
| 9:34 | Crear | Villager (Male) |
| 9:43 | Construir | Mill |
| 10:12 | Investigar | Feudal Age |
| 10:16 | Crear | Fishing Ship |
| 10:25 | Construir | House |
| 10:41 | Construir | Lumber Camp |
| 10:58 | Crear | Fishing Ship |
| 11:44 | Crear | Fishing Ship |
| 12:08 | Construir | Dock |
| 12:12 | Crear | Villager (Male) |
| 12:16 | Crear | Villager (Male) |
| 12:22 | Edad | Edad Feudal |
| 12:23 | Investigar | Double-Bit Axe |
| 12:23 | Investigar | Double-Bit Axe |
| 12:47 | Crear | Villager (Male) |
| 12:53 | Crear | Galley |
| 13:01 | Crear | Villager (Male) |
| 13:27 | Construir | Watch Tower |
| 13:43 | Construir | Watch Tower |
| 13:46 | Crear | Villager (Male) |
| 13:49 | Crear | Galley |
| 13:51 | Crear | Villager (Male) |
| 13:55 | Construir | House |
| 13:58 | Construir | House |
| 14:43 | Crear | Galley |
| 14:43 | Crear | Galley |
| 14:48 | Crear | Villager (Male) |
| 15:12 | Construir | Blacksmith |
| 15:16 | Crear | Villager (Male) |
| 15:47 | Crear | Villager (Male) |
| 15:49 | Crear | Galley |
| 15:49 | Crear | Galley |
| 15:56 | Investigar | Fletching |
| 16:14 | Construir | House |
| 16:16 | Construir | Palisade Wall |
| 16:20 | Construir | Palisade Wall |
| 16:23 | Crear | Villager (Male) |
| 16:29 | Crear | Galley |
| 16:30 | Crear | Galley |
| 16:57 | Crear | Villager (Male) |
| 17:01 | Investigar | Gold Mining |
| 17:02 | Investigar | Gold Mining |
| 17:19 | Crear | Unit 2626 |
| 17:19 | Crear | Unit 2626 |
| 17:39 | Crear | Villager (Male) |
| 17:41 | Construir | Farm |
| 17:50 | Construir | House |
| 17:52 | Construir | House |
| 17:58 | Construir | Market |
| 18:31 | Crear | Villager (Male) |
| 18:37 | Construir | Palisade Gate |
| 18:43 | Construir | Palisade Wall |
| 18:47 | Construir | Palisade Wall |
| 18:49 | Investigar | Castle Age |
| 18:49 | Investigar | Castle Age |
| 19:12 | Crear | Villager (Male) |
| 19:31 | Construir | Palisade Wall |
| 19:37 | Construir | Palisade Wall |
| 20:16 | Crear | Villager (Male) |
| 20:39 | Crear | Fishing Ship |
| 20:39 | Crear | Fishing Ship |
| 20:43 | Investigar | Tech 906 |
| 20:43 | Investigar | Tech 906 |
| 21:27 | Construir | House |
| 21:29 | Construir | Palisade Wall |
| 21:36 | Edad | Edad de los Castillos |
| 21:39 | Investigar | War Galley (upgrade) |
| 21:39 | Investigar | War Galley (upgrade) |
| 21:40 | Crear | Villager (Male) |
| 21:46 | Construir | Mining Camp |
| 22:04 | Construir | House |
| 22:06 | Construir | House |
| 22:06 | Crear | Villager (Male) |
| 22:36 | Crear | Villager (Male) |
| 22:44 | Construir | Farm |
| 22:48 | Investigar | Stone Mining |
| 23:09 | Construir | Palisade Wall |
| 23:15 | Construir | Palisade Wall |
| 23:21 | Construir | Palisade Wall |
| 23:25 | Construir | Palisade Wall |
| 23:31 | Construir | Palisade Wall |
| 23:49 | Crear | Villager (Male) |
| 23:51 | Crear | Villager (Male) |
| 24:09 | Construir | Barracks |
| 24:29 | Construir | Lumber Camp |
| 24:55 | Crear | Villager (Male) |
| 24:59 | Crear | Villager (Male) |
| 25:09 | Construir | House |
| 25:19 | Crear | Villager (Male) |
| 25:22 | Crear | Villager (Male) |
| 25:39 | Crear | Fishing Ship |
| 25:39 | Crear | Fishing Ship |
| 25:56 | Crear | Villager (Male) |
| 26:09 | Crear | Villager (Male) |
| 26:13 | Construir | Siege Workshop |
| 26:21 | Crear | Villager (Male) |
| 26:25 | Investigar | Stone Shaft Mining |
| 26:26 | Investigar | Stone Shaft Mining |
| 26:28 | Crear | Fishing Ship |
| 26:28 | Crear | Fishing Ship |
| 26:46 | Construir | Dock |
| 27:17 | Construir | Outpost |
| 27:53 | Construir | Castle |
| 28:09 | Crear | Villager (Male) |
| 28:14 | Crear | Villager (Male) |
| 28:20 | Construir | House |
| 28:26 | Crear | Battering Ram |
| 28:44 | Investigar | Gillnets |
Build order — nanoushka
Primeras 150 de 250 acciones detectadas
| 0:22 | Construir | Town Center |
| 1:13 | Construir | Town Center |
| 3:11 | Construir | House |
| 3:12 | Construir | House |
| 4:06 | Construir | Dock |
| 4:12 | Crear | Villager (Male) |
| 4:13 | Crear | Villager (Male) |
| 4:13 | Crear | Villager (Male) |
| 4:13 | Crear | Villager (Male) |
| 6:00 | Investigar | Loom |
| 6:05 | Crear | Fishing Ship |
| 6:48 | Crear | Villager (Male) |
| 7:13 | Crear | Villager (Male) |
| 7:32 | Crear | Villager (Male) |
| 7:41 | Crear | Fishing Ship |
| 8:21 | Crear | Villager (Male) |
| 8:22 | Crear | Villager (Male) |
| 8:36 | Construir | House |
| 9:00 | Crear | Fishing Ship |
| 9:18 | Construir | House |
| 9:27 | Crear | Villager (Male) |
| 9:27 | Crear | Villager (Male) |
| 9:27 | Crear | Villager (Male) |
| 10:07 | Crear | Villager (Male) |
| 10:33 | Crear | Villager (Male) |
| 10:33 | Crear | Villager (Male) |
| 10:44 | Crear | Fishing Ship |
| 11:43 | Construir | Mill |
| 12:09 | Crear | Villager (Male) |
| 12:47 | Investigar | Feudal Age |
| 12:56 | Construir | House |
| 13:00 | Construir | House |
| 13:02 | Crear | Fishing Ship |
| 14:46 | Crear | Villager (Male) |
| 14:46 | Crear | Villager (Male) |
| 14:47 | Crear | Villager (Male) |
| 14:57 | Edad | Edad Feudal |
| 15:04 | Construir | Town Center |
| 15:15 | Crear | Villager (Male) |
| 15:33 | Construir | Lumber Camp |
| 15:43 | Crear | Villager (Male) |
| 15:55 | Crear | Villager (Male) |
| 16:11 | Crear | Fishing Ship |
| 16:29 | Investigar | Double-Bit Axe |
| 16:31 | Crear | Villager (Male) |
| 17:02 | Crear | Villager (Male) |
| 17:17 | Construir | Barracks |
| 17:31 | Construir | House |
| 17:36 | Construir | House |
| 17:48 | Crear | Villager (Male) |
| 17:48 | Crear | Villager (Male) |
| 17:48 | Crear | Villager (Male) |
| 17:49 | Crear | Villager (Male) |
| 17:49 | Crear | Villager (Male) |
| 17:59 | Crear | Villager (Male) |
| 18:00 | Crear | Villager (Male) |
| 18:06 | Crear | Fishing Ship |
| 18:21 | Construir | Stable |
| 18:53 | Construir | Mining Camp |
| 19:11 | Crear | Villager (Male) |
| 19:12 | Crear | Villager (Male) |
| 19:12 | Crear | Villager (Male) ×5 |
| 19:19 | Crear | Fishing Ship |
| 19:19 | Crear | Fishing Ship |
| 19:51 | Investigar | Gold Mining |
| 19:52 | Investigar | Stone Mining |
| 19:56 | Investigar | Horse Collar |
| 20:02 | Crear | Scout Cavalry |
| 20:03 | Crear | Scout Cavalry |
| 20:04 | Crear | Scout Cavalry |
| 20:43 | Construir | House |
| 20:49 | Construir | House |
| 20:53 | Construir | House |
| 20:54 | Construir | House |
| 20:55 | Construir | House |
| 20:57 | Construir | House |
| 20:58 | Construir | House |
| 21:04 | Investigar | Wheelbarrow |
| 21:13 | Investigar | Bloodlines |
| 21:15 | Crear | Scout Cavalry |
| 21:16 | Crear | Scout Cavalry |
| 21:26 | Crear | Villager (Male) |
| 21:26 | Crear | Villager (Male) |
| 21:54 | Crear | Fishing Ship |
| 21:55 | Crear | Fishing Ship |
| 21:55 | Crear | Fishing Ship |
| 21:55 | Crear | Fishing Ship |
| 21:56 | Crear | Fishing Ship |
| 21:57 | Crear | Fishing Ship |
| 22:36 | Crear | Villager (Male) ×5 |
| 22:45 | Construir | Farm |
| 22:45 | Construir | Farm |
| 22:46 | Construir | Farm |
| 22:46 | Construir | Farm |
| 22:46 | Construir | Farm |
| 22:47 | Construir | Farm |
| 23:18 | Crear | Fishing Ship |
| 23:18 | Crear | Fishing Ship |
| 23:30 | Construir | Farm |
| 23:31 | Construir | Farm |
| 23:31 | Construir | Farm |
| 23:31 | Construir | Farm |
| 23:32 | Construir | Farm |
| 23:33 | Construir | Farm |
| 24:16 | Crear | Villager (Male) ×5 |
| 24:27 | Construir | Farm |
| 24:28 | Construir | Farm |
| 24:28 | Construir | Farm |
| 24:28 | Construir | Farm |
| 24:29 | Construir | Farm |
| 24:29 | Construir | Farm |
| 24:30 | Construir | Farm |
| 24:33 | Crear | Scout Cavalry |
| 24:34 | Crear | Scout Cavalry |
| 25:52 | Crear | Villager (Male) ×5 |
| 25:54 | Crear | Villager (Male) ×5 |
| 26:26 | Construir | Stable |
| 26:27 | Construir | Stable |
| 26:37 | Construir | Blacksmith |
| 26:46 | Construir | Market |
| 27:21 | Investigar | Scale Barding Armor |
| 27:22 | Investigar | Forging |
| 27:38 | Construir | Farm |
| 27:38 | Construir | Farm |
| 27:38 | Construir | Farm |
| 27:38 | Construir | Farm |
| 27:39 | Construir | Farm |
| 27:39 | Construir | Farm |
| 27:39 | Construir | Farm |
| 27:40 | Construir | Farm |
| 27:41 | Construir | Farm |
| 28:03 | Investigar | Castle Age |
| 28:07 | Construir | Farm |
| 28:12 | Crear | Villager (Male) ×2 |
| 29:00 | Construir | Farm |
| 29:00 | Construir | Farm |
| 29:01 | Construir | Farm |
| 29:01 | Construir | Farm |
| 29:02 | Construir | Farm |
| 29:46 | Construir | Stable |
| 29:56 | Crear | Villager (Male) ×5 |
| 30:43 | Edad | Edad de los Castillos |
| 30:46 | Construir | Town Center |
| 30:58 | Crear | Knight ×5 |
| 31:00 | Crear | Knight ×5 |
| 31:06 | Investigar | Chain Barding Armor |
| 31:07 | Investigar | Iron Casting |
| 31:33 | Construir | Farm |
| 31:36 | Investigar | Heavy Plow |
| 31:39 | Investigar | Bow Saw |
Build order — 老狐狸
Primeras 150 de 409 acciones detectadas
| 1:02 | Construir | Town Center |
| 1:21 | Construir | House |
| 1:24 | Construir | Dock |
| 3:34 | Crear | Villager (Male) |
| 3:35 | Crear | Villager (Male) |
| 3:35 | Crear | Villager (Male) |
| 3:43 | Crear | Villager (Male) |
| 3:43 | Crear | Villager (Male) |
| 4:31 | Crear | Villager (Male) |
| 4:46 | Crear | Fishing Ship |
| 5:27 | Crear | Fishing Ship |
| 5:38 | Construir | House |
| 5:53 | Investigar | Loom |
| 6:10 | Crear | Villager (Male) |
| 6:10 | Crear | Villager (Male) |
| 6:30 | Crear | Fishing Ship |
| 6:49 | Crear | Villager (Male) |
| 6:55 | Construir | House |
| 7:12 | Crear | Villager (Male) |
| 7:33 | Crear | Fishing Ship |
| 7:33 | Crear | Villager (Male) |
| 7:38 | Crear | Villager (Male) |
| 8:24 | Crear | Villager (Male) |
| 8:26 | Crear | Fishing Ship |
| 8:27 | Crear | Villager (Male) |
| 8:43 | Construir | House |
| 8:48 | Crear | Villager (Male) |
| 9:05 | Crear | Villager (Male) |
| 9:30 | Construir | Mining Camp |
| 9:47 | Crear | Villager (Male) |
| 10:38 | Investigar | Feudal Age |
| 10:38 | Investigar | Feudal Age |
| 10:38 | Investigar | Feudal Age |
| 11:06 | Construir | Dock |
| 11:19 | Construir | House |
| 11:42 | Construir | House |
| 12:24 | Crear | Villager (Male) |
| 12:27 | Crear | Villager (Male) |
| 12:46 | Construir | Mill |
| 12:48 | Edad | Edad Feudal |
| 12:54 | Crear | Galley |
| 12:55 | Crear | Galley |
| 13:20 | Crear | Galley |
| 13:20 | Crear | Galley |
| 13:28 | Crear | Villager (Male) |
| 13:44 | Construir | House |
| 13:51 | Crear | Villager (Male) |
| 14:04 | Crear | Galley |
| 14:25 | Crear | Villager (Male) |
| 14:25 | Crear | Villager (Male) |
| 14:33 | Construir | Blacksmith |
| 15:13 | Crear | Villager (Male) |
| 15:19 | Construir | Market |
| 15:24 | Crear | Villager (Male) |
| 15:38 | Construir | Mining Camp |
| 17:05 | Investigar | Castle Age |
| 17:05 | Investigar | Castle Age |
| 17:05 | Investigar | Castle Age |
| 17:22 | Crear | Fishing Ship |
| 17:22 | Crear | Fishing Ship |
| 17:25 | Crear | Fishing Ship |
| 18:07 | Construir | Lumber Camp |
| 18:19 | Construir | House |
| 18:48 | Investigar | Fletching |
| 18:50 | Crear | Villager (Male) |
| 18:57 | Construir | House |
| 19:01 | Investigar | Double-Bit Axe |
| 19:45 | Edad | Edad de los Castillos |
| 20:18 | Investigar | War Galley (upgrade) |
| 20:53 | Crear | Villager (Male) |
| 21:35 | Crear | Villager (Male) |
| 21:37 | Crear | Villager (Male) |
| 21:49 | Construir | Castle |
| 21:51 | Crear | Villager (Male) |
| 21:53 | Crear | Villager (Male) |
| 22:05 | Crear | Villager (Male) |
| 22:37 | Investigar | Bow Saw |
| 22:41 | Crear | Galley |
| 22:41 | Crear | Galley |
| 22:48 | Crear | Villager (Male) |
| 22:59 | Construir | House |
| 23:22 | Construir | Town Center |
| 23:25 | Crear | Organ Gun |
| 23:26 | Crear | Organ Gun |
| 23:31 | Crear | Villager (Male) |
| 23:37 | Investigar | Wheelbarrow |
| 23:50 | Crear | Villager (Male) |
| 24:22 | Construir | Dock |
| 24:28 | Crear | Villager (Male) |
| 24:39 | Crear | Villager (Male) |
| 24:48 | Crear | Villager (Male) |
| 25:20 | Crear | Villager (Male) |
| 25:23 | Crear | Organ Gun |
| 25:23 | Crear | Organ Gun |
| 25:57 | Crear | Villager (Male) |
| 26:06 | Crear | Villager (Male) |
| 26:28 | Construir | House |
| 26:30 | Crear | Villager (Male) |
| 26:33 | Construir | Farm |
| 26:34 | Construir | Farm |
| 26:34 | Construir | Farm |
| 26:34 | Construir | Farm |
| 26:35 | Construir | Farm |
| 26:37 | Crear | Villager (Male) |
| 26:38 | Crear | Organ Gun |
| 26:38 | Crear | Organ Gun |
| 26:53 | Crear | Villager (Male) |
| 27:28 | Construir | Farm |
| 27:47 | Investigar | Imperial Age |
| 27:47 | Investigar | Imperial Age |
| 28:11 | Crear | Villager (Male) |
| 28:21 | Investigar | Horse Collar |
| 28:29 | Construir | Lumber Camp |
| 29:20 | Crear | Organ Gun |
| 29:20 | Crear | Organ Gun |
| 29:27 | Construir | University |
| 29:36 | Crear | Villager (Male) |
| 29:36 | Crear | Villager (Male) |
| 29:39 | Crear | Villager (Male) |
| 29:40 | Crear | Villager (Male) |
| 30:05 | Construir | Castle |
| 30:57 | Edad | Edad Imperial |
| 31:08 | Construir | Siege Workshop |
| 31:11 | Crear | Trebuchet (Packed) |
| 31:17 | Investigar | Chemistry |
| 31:19 | Crear | Villager (Male) |
| 31:19 | Crear | Villager (Male) |
| 31:21 | Crear | Villager (Male) |
| 31:21 | Crear | Villager (Male) |
| 31:37 | Construir | Town Center |
| 31:42 | Crear | Trebuchet (Packed) |
| 31:46 | Crear | Organ Gun |
| 31:47 | Crear | Organ Gun |
| 31:54 | Crear | Villager (Male) |
| 31:54 | Crear | Villager (Male) |
| 32:08 | Crear | Trebuchet (Packed) |
| 32:13 | Crear | Villager (Male) |
| 32:29 | Construir | Feitoria |
| 32:36 | Crear | Villager (Male) |
| 32:36 | Crear | Villager (Male) |
| 32:46 | Investigar | Hand Cart |
| 34:02 | Construir | Lumber Camp |
| 34:11 | Construir | Mining Camp |
| 34:21 | Crear | Villager (Male) |
| 34:30 | Crear | Villager (Male) |
| 34:41 | Crear | Organ Gun |
| 34:42 | Crear | Organ Gun |
| 34:45 | Crear | Organ Gun |
| 34:46 | Crear | Organ Gun |
| 35:25 | Crear | Villager (Male) |
Build order — Sojasucray
Primeras 150 de 404 acciones detectadas
| 0:06 | Construir | Town Center |
| 0:58 | Construir | Dock |
| 2:52 | Crear | Villager (Male) |
| 2:53 | Crear | Villager (Male) |
| 2:53 | Crear | Villager (Male) |
| 2:55 | Crear | Villager (Male) |
| 3:08 | Construir | House |
| 3:22 | Construir | House |
| 3:33 | Construir | House |
| 3:37 | Construir | House |
| 3:48 | Investigar | Loom |
| 4:00 | Crear | Villager (Male) |
| 4:02 | Crear | Villager (Male) |
| 4:03 | Crear | Villager (Male) |
| 4:45 | Crear | Fishing Ship |
| 4:51 | Crear | Villager (Male) |
| 5:08 | Construir | House |
| 5:56 | Crear | Villager (Male) |
| 6:01 | Crear | Fishing Ship |
| 6:28 | Crear | Villager (Male) |
| 6:51 | Crear | Villager (Male) |
| 7:01 | Construir | House |
| 7:26 | Crear | Fishing Ship |
| 7:36 | Crear | Villager (Male) |
| 7:36 | Crear | Villager (Male) |
| 7:37 | Crear | Villager (Male) |
| 7:41 | Construir | Palisade Wall |
| 8:12 | Construir | Palisade Wall |
| 8:22 | Crear | Villager (Male) |
| 8:22 | Crear | Villager (Male) |
| 8:22 | Crear | Villager (Male) |
| 8:28 | Construir | Mill |
| 8:50 | Crear | Villager (Male) |
| 9:15 | Construir | House |
| 9:22 | Crear | Villager (Male) |
| 9:46 | Crear | Villager (Male) |
| 9:46 | Crear | Villager (Male) |
| 10:10 | Crear | Villager (Male) |
| 10:10 | Crear | Villager (Male) |
| 10:26 | Construir | House |
| 10:29 | Crear | Fishing Ship |
| 10:53 | Construir | House |
| 11:05 | Construir | House |
| 11:23 | Crear | Villager (Male) |
| 11:38 | Construir | House |
| 11:43 | Investigar | Feudal Age |
| 11:44 | Investigar | Feudal Age |
| 12:17 | Construir | Barracks |
| 12:18 | Crear | Villager (Male) |
| 12:50 | Construir | House |
| 13:07 | Construir | Mining Camp |
| 13:57 | Construir | Palisade Wall |
| 14:06 | Edad | Edad Feudal |
| 14:07 | Construir | Mill |
| 14:10 | Crear | Villager (Male) |
| 14:24 | Construir | Watch Tower |
| 14:36 | Construir | Lumber Camp |
| 14:55 | Construir | Palisade Wall |
| 14:57 | Crear | Villager (Male) |
| 14:58 | Crear | Villager (Male) |
| 15:12 | Crear | Villager (Male) |
| 15:20 | Crear | Villager (Male) |
| 15:52 | Crear | Villager (Male) |
| 16:14 | Construir | Blacksmith |
| 16:16 | Crear | Villager (Male) |
| 16:25 | Crear | Villager (Male) |
| 16:39 | Construir | House |
| 16:49 | Construir | House |
| 16:56 | Crear | Villager (Male) |
| 17:04 | Construir | Market |
| 17:18 | Crear | Villager (Male) |
| 17:27 | Crear | Villager (Male) |
| 17:40 | Construir | Palisade Wall |
| 17:42 | Construir | Barracks |
| 17:48 | Construir | House |
| 17:50 | Construir | House |
| 17:51 | Construir | House |
| 18:01 | Construir | Watch Tower |
| 18:12 | Investigar | Castle Age |
| 18:12 | Investigar | Castle Age |
| 18:20 | Construir | Barracks |
| 19:03 | Construir | Mining Camp |
| 19:33 | Crear | Eagle Scout |
| 19:33 | Crear | Eagle Scout |
| 20:05 | Crear | Villager (Male) |
| 20:06 | Crear | Villager (Male) |
| 20:09 | Construir | Archery Range |
| 20:49 | Crear | Eagle Scout |
| 20:52 | Crear | Villager (Male) |
| 21:02 | Edad | Edad de los Castillos |
| 21:04 | Crear | Villager (Male) |
| 21:17 | Crear | Villager (Male) |
| 21:23 | Construir | Mining Camp |
| 21:24 | Crear | Villager (Male) |
| 21:50 | Crear | Villager (Male) |
| 21:59 | Construir | House |
| 21:59 | Construir | House |
| 22:33 | Construir | Castle |
| 22:36 | Crear | Villager (Male) |
| 22:38 | Crear | Villager (Male) |
| 22:41 | Investigar | Double-Bit Axe |
| 22:41 | Investigar | Horse Collar |
| 22:42 | Investigar | Horse Collar |
| 23:58 | Crear | Jaguar Warrior |
| 23:58 | Crear | Jaguar Warrior |
| 25:12 | Crear | Villager (Male) |
| 25:25 | Construir | Stone Wall |
| 25:37 | Construir | Siege Workshop |
| 26:00 | Construir | Town Center |
| 26:11 | Crear | Villager (Male) |
| 26:11 | Crear | Villager (Male) |
| 26:25 | Investigar | Bow Saw |
| 26:49 | Crear | Villager (Male) |
| 26:53 | Crear | Scorpion |
| 27:05 | Construir | Building 487 |
| 27:18 | Crear | Scorpion |
| 27:18 | Crear | Scorpion |
| 27:24 | Crear | Mangonel |
| 27:29 | Crear | Villager (Male) |
| 28:16 | Crear | Mangonel |
| 28:16 | Crear | Mangonel |
| 28:23 | Crear | Villager (Male) |
| 28:23 | Crear | Villager (Male) |
| 28:35 | Crear | Villager (Male) |
| 28:40 | Construir | Farm |
| 28:42 | Construir | Farm |
| 28:46 | Construir | Mill |
| 29:13 | Crear | Villager (Male) |
| 29:14 | Crear | Villager (Male) |
| 29:31 | Construir | Farm |
| 29:31 | Construir | Farm |
| 29:32 | Construir | Farm |
| 29:47 | Construir | House |
| 29:49 | Construir | House |
| 29:50 | Construir | House |
| 29:51 | Construir | House |
| 29:52 | Construir | House |
| 29:53 | Construir | House |
| 29:56 | Construir | House |
| 30:17 | Investigar | Wheelbarrow |
| 30:17 | Investigar | Wheelbarrow |
| 30:22 | Crear | Villager (Male) |
| 30:43 | Construir | Farm |
| 30:44 | Construir | Farm |
| 31:01 | Investigar | Heavy Plow |
| 31:01 | Investigar | Heavy Plow |
| 31:35 | Construir | Farm |
| 31:35 | Construir | Farm |
| 31:48 | Construir | Monastery |
| 31:52 | Crear | Villager (Male) |
Cronología de la partida
| 0:40 | TartineMiamMiam · first_building Dock |
| 0:43 | YOU XXX · first_building Dock |
| 0:58 | Sojasucray · first_building Dock |
| 1:24 | 老狐狸 · first_building Dock |
| 1:27 | 超级小豪 · first_building Dock |
| 2:23 | Confiturier · first_building Dock |
| 4:06 | nanoushka · first_building Dock |
| 7:41 | Sojasucray · wall_segment Palisade Wall x3 |
| 8:12 | Sojasucray · wall_segment Palisade Wall x1 |
| 10:11 | TartineMiamMiam · wall_segment Palisade Wall x13 |
| 11:40 | YOU XXX · wall_segment Palisade Wall x7 |
| 11:46 | TartineMiamMiam · wall_segment Palisade Wall x10 |
| 12:17 | Sojasucray · first_building Barracks |
| 12:22 | 超级小豪 · age_up feudal |
| 12:38 | YOU XXX · wall_segment Palisade Wall x1 |
| 12:45 | TartineMiamMiam · age_up feudal |
| 12:46 | YOU XXX · wall_segment Palisade Wall x1 |
| 12:48 | 老狐狸 · age_up feudal |
| 13:23 | TartineMiamMiam · first_building Barracks |
| 13:38 | Confiturier · age_up feudal |
| 13:41 | YOU XXX · age_up feudal |
| 13:56 | Aze · age_up feudal |
| 13:57 | Sojasucray · wall_segment Palisade Wall x1 |
| 14:06 | Sojasucray · age_up feudal |
| 14:55 | Sojasucray · wall_segment Palisade Wall x6 |
| 14:57 | nanoushka · age_up feudal |
| 16:16 | 超级小豪 · wall_segment Palisade Wall x1 |
| 16:20 | 超级小豪 · wall_segment Palisade Wall x1 |
| 16:49 | Confiturier · first_market_buy 100 food |
| 16:52 | Confiturier · first_market_sell 100 wood |
| 17:17 | nanoushka · first_building Barracks |
| 17:21 | YOU XXX · wall_segment Palisade Wall x1 |
| 17:40 | Sojasucray · wall_segment Palisade Wall x1 |
| 18:21 | nanoushka · first_building Stable |
| 18:43 | 超级小豪 · wall_segment Palisade Wall x1 |
| 18:47 | 超级小豪 · wall_segment Palisade Wall x4 |
| 19:31 | 超级小豪 · wall_segment Palisade Wall x1 |
| 19:37 | 超级小豪 · wall_segment Palisade Wall x1 |
| 19:45 | 老狐狸 · age_up castle |
| 19:48 | Confiturier · age_up castle |
| 20:09 | Sojasucray · first_building Archery Range |
| 20:30 | Aze · first_market_buy 100 food |
| 20:50 | Confiturier · first_building Castle |
| 20:56 | YOU XXX · age_up castle |
| 21:02 | Sojasucray · age_up castle |
| 21:06 | YOU XXX · first_building Castle |
| 21:24 | Aze · wall_segment Stone Wall x1 |
| 21:27 | Aze · wall_segment Stone Wall x1 |
| 21:29 | 超级小豪 · wall_segment Palisade Wall x1 |
| 21:30 | Aze · wall_segment Stone Wall x1 |
| 21:34 | Aze · wall_segment Stone Wall x1 |
| 21:36 | 超级小豪 · age_up castle |
| 21:46 | TartineMiamMiam · wall_segment Palisade Wall x1 |
| 21:49 | 老狐狸 · first_building Castle |
| 22:07 | TartineMiamMiam · first_building Archery Range |
| 22:09 | Aze · wall_segment Stone Wall x1 |
| 22:17 | Aze · wall_segment Stone Wall x1 |
| 22:33 | Sojasucray · first_building Castle |
| 23:00 | Aze · wall_segment Stone Wall x1 |
| 23:09 | 超级小豪 · wall_segment Palisade Wall x1 |
| 23:15 | 超级小豪 · wall_segment Palisade Wall x1 |
| 23:16 | Aze · age_up castle |
| 23:21 | 超级小豪 · wall_segment Palisade Wall x1 |
| 23:25 | 超级小豪 · wall_segment Palisade Wall x1 |
| 23:31 | 超级小豪 · wall_segment Palisade Wall x1 |
| 23:47 | Aze · wall_segment Stone Wall x11 |
| 24:01 | TartineMiamMiam · wall_segment Palisade Wall x1 |
| 24:09 | 超级小豪 · first_building Barracks |
| 25:25 | Sojasucray · wall_segment Stone Wall x13 |
| 25:37 | Sojasucray · first_building Siege Workshop |
| 26:13 | 超级小豪 · first_building Siege Workshop |
| 26:23 | Sojasucray · first_market_buy 100 wood |
| 26:26 | 老狐狸 · first_market_buy 100 food |
| 26:33 | TartineMiamMiam · first_market_buy 100 food |
| 26:36 | Aze · wall_segment Stone Wall x18 |
| 26:52 | YOU XXX · first_building Siege Workshop |
| 27:09 | YOU XXX · first_building Monastery |
| 27:36 | YOU XXX · first_market_sell 100 wood |
| 27:53 | 超级小豪 · first_building Castle |
| 28:15 | TartineMiamMiam · wall_segment Stone Wall x8 |
| 28:48 | Aze · wall_segment Stone Wall x8 |
| 28:52 | Aze · wall_segment Stone Wall x6 |
| 28:55 | Aze · wall_segment Stone Wall x9 |
| 29:10 | Confiturier · first_building Siege Workshop |
| 29:17 | TartineMiamMiam · age_up castle |
| 30:43 | nanoushka · age_up castle |
| 30:57 | 老狐狸 · age_up imperial |
| 31:08 | 老狐狸 · first_building Siege Workshop |
| 31:48 | Sojasucray · first_building Monastery |
| 33:08 | Aze · first_building Castle |
| 33:31 | Aze · first_building Dock |
| 34:27 | nanoushka · first_building Monastery |
| 34:44 | 超级小豪 · first_building Archery Range |
| 35:44 | Confiturier · age_up imperial |
| 35:50 | 超级小豪 · first_building Stable |
| 36:04 | nanoushka · first_market_sell 100 food |
| 36:15 | TartineMiamMiam · first_building Castle |
| 36:37 | YOU XXX · first_building Barracks |
| 36:43 | TartineMiamMiam · first_building Siege Workshop |
| 36:43 | nanoushka · first_building Siege Workshop |
| 37:14 | Aze · first_market_sell 100 food |
| 37:17 | Sojasucray · first_market_sell 100 wood |
| 38:08 | 老狐狸 · first_building Barracks |
| 38:15 | YOU XXX · first_building Stable |
| 38:21 | Aze · first_building Barracks |
| 39:09 | 老狐狸 · first_building Stable |
| 40:14 | 超级小豪 · age_up imperial |
| 40:33 | Sojasucray · age_up imperial |
| 40:49 | TartineMiamMiam · age_up imperial |
| 41:06 | Aze · first_building Stable |
| 41:07 | Aze · age_up imperial |
| 41:27 | nanoushka · first_building Castle |
| 41:28 | nanoushka · age_up imperial |
| 42:26 | YOU XXX · first_building Archery Range |
| 43:41 | Confiturier · tribute_sent a jugador 1 |
| 43:41 | Confiturier · tribute_sent a jugador 2 |
| 43:41 | Confiturier · tribute_sent a jugador 3 |
| 43:41 | Confiturier · tribute_sent a jugador 5 |
| 43:41 | Confiturier · tribute_sent a jugador 6 |
| 43:41 | Confiturier · tribute_sent a jugador 7 |
| 43:41 | Confiturier · tribute_sent a jugador 8 |
| 43:58 | YOU XXX · age_up imperial |
| 45:08 | Confiturier · tribute_sent a jugador 1 |
| 45:08 | Confiturier · tribute_sent a jugador 2 |
| 45:08 | Confiturier · tribute_sent a jugador 3 |
| 45:08 | Confiturier · tribute_sent a jugador 5 |
| 45:08 | Confiturier · tribute_sent a jugador 6 |
| 45:08 | Confiturier · tribute_sent a jugador 7 |
| 45:08 | Confiturier · tribute_sent a jugador 8 |
| 45:10 | nanoushka · tribute_sent a jugador 1 |
| 45:10 | nanoushka · tribute_sent a jugador 2 |
| 45:10 | nanoushka · tribute_sent a jugador 3 |
| 45:10 | nanoushka · tribute_sent a jugador 4 |
| 45:10 | nanoushka · tribute_sent a jugador 5 |
| 45:10 | nanoushka · tribute_sent a jugador 7 |
| 45:10 | nanoushka · tribute_sent a jugador 8 |
| 49:37 | YOU XXX · first_market_buy 100 stone |
| 53:37 | Confiturier · tribute_sent a jugador 1 |
| 53:37 | Confiturier · tribute_sent a jugador 2 |
| 53:37 | Confiturier · tribute_sent a jugador 3 |
| 53:37 | Confiturier · tribute_sent a jugador 5 |
| 53:37 | Confiturier · tribute_sent a jugador 6 |
| 53:37 | Confiturier · tribute_sent a jugador 7 |
| 53:37 | Confiturier · tribute_sent a jugador 8 |
| 56:09 | Confiturier · resign |
[ ANÁLISIS IA · 1 CRÉDITO ]
¿Qué pasó realmente en esta partida?
Wolo.gg analiza cada decisión: build order, eco, micro, errores típicos por bracket. Análisis personalizado por WhatsApp o Discord en 30 segundos.
Guía civ
Turcos
Guía mapa
Nomad
Perfil
Confiturier